 Dungeon Crawl Stone Soup version 0.31.0-32-g396128a36d (webtiles) character file.

Game seed: 16106200144859132902

152 Fractals the Changeling (level 5, -2/50 HPs)
             Began as a Troll Shapeshifter on Apr 9, 2024.
             Slain by Menkaure (19 damage)
             ... on level 4 of the Dungeon.
             The game lasted 00:03:58 (1704 turns).

Fractals the Changeling (Troll Shapeshifter)        Turns: 1704, Time: 00:03:58

Health: -2/50      AC:  4    Str: 22    XL:     5   Next: 11%
Magic:  4/4        EV: 10    Int:  6    God:
Gold:   125        SH:  5    Dex: 11    Spells: 4/4 levels left

rFire   . .          .
                       - Unarmed
rCold   . . .        (no shield)
rNeg    . . .        a - +0 animal skin
rPois   .            (helmet currently unavailable)
rElec   .            m - melded scarf {shadows}
rCorr   .            (gloves unavailable)
SInv    .            (boots unavailable)
Will    .....        j - amulet of reflection
Stlth   +            (no ring)
HPRegen 1.08/turn    (no ring)
MPRegen 0.09/turn

%: reflection
@: beast-form
A: beast (slay +2), large, unfitting armour, claws 3, regeneration 1, shaggy fur
1, tough skin 1
a: Begin Untransformation


You were on level 4 of the Dungeon.
You were a hulking beast.
You visited 1 branch of the dungeon, and saw 4 of its levels.

You collected 125 gold pieces.

Inventory:

Armour
 a - a +0 animal skin (worn)
 m - a scarf of shadows (melded)
Jewellery
 j - an amulet of reflection (around neck)
Talismans
 c - a beast talisman (active)
 d - a flux talisman
Scrolls
 f - a scroll of silence {unknown}
 i - a scroll of teleportation {unknown}
 k - a scroll of poison {unknown}
 l - a scroll of identify
 n - a scroll of blinking {unknown}
 o - a scroll of vulnerability {unknown}
 r - a scroll of fog
Potions
 b - a potion of lignification
 e - a potion of mutation {unknown}
 g - a potion of enlightenment {unknown}
 p - a potion of haste {unknown}
 q - 2 potions of heal wounds
 s - a potion of might {unknown}
 t - a potion of attraction {unknown}


   Skills:
 + Level 2.4 Fighting
 + Level 2.8 Dodging
 - Level 3.0 Unarmed Combat
 + Level 3.9 Shapeshifting


You had 4 spell levels left.
You didn't know any spells.
Your spell library contained the following spells:

 Spells                   Type           Power      Damage    Failure   Level
 Ensorcelled Hibernation  Hex/Ice        0%         N/A       58%         2
 Passwall                 Erth           0%         N/A       83%         3
 Swiftness                Air            0%         N/A       83%         3


Dungeon Overview and Level Annotations

Branches:
Dungeon (4/15)
 Temple: D:4-7

Altars:
Qazlal

Shops:
D:1 (

Annotations:
D:4 Menkaure


Innate Abilities, Weirdness & Mutations

You are a hulking beast.
Your limbs bulge with bestial killing power. (Slay +2)
You are too large for most types of armour.
You have claws for hands.
Your natural rate of healing is unusually fast.
You are covered in fur. (AC +1)
You have tough skin. (AC +1)


Message History

The kobold shouts!
There is a stone staircase leading up here.
A kobold is nearby!
You barely miss the kobold. The kobold hits you but does no damage.
You scratch the kobold.
You kill the kobold!
No target in view!
Things that are here:
a +0 short sword; a kobold corpse
Okay, then.
There is a stone staircase leading up here.
As you read the scroll labelled BOYKAO ZAEST, it crumbles to dust.
You hear a loud clanging noise!
It was a scroll of noise.
You hear a shout! x5
You drop a scroll of noise.
As you read the scroll labelled AHESAH ZAYGH, it crumbles to dust.
It is a scroll of identify.
q - 2 potions of heal wounds
As you read the scroll labelled HOMETE INUPTO, it dissolves into smoke.
It was a scroll of fog.
Things that are here:
a +0 short sword; a kobold corpse Menkaure, Prince of Dust comes into view.
Things that are here:
a +0 short sword; a kobold corpse Menkaure gestures wildly while chanting.
Menkaure seems to speed up.
You scratch Menkaure.
Menkaure is lightly damaged.
Menkaure hits you but does no damage.
You scratch Menkaure.
Menkaure is lightly damaged.
Menkaure calls on the powers of darkness!
Your body is wracked with pain!
You barely miss Menkaure.
Menkaure is lightly damaged.
Menkaure casts a spell at you. Pain shoots through your body!
Menkaure hits you!!
You die...

### #<#
#§# #§#
#.# #§#
#h# #M#
#.# #.#
#.# ...
.....
.......
.........


You could see Menkaure (fast).

Vanquished Creatures
  A scorpion (D:3)
  3 adders (D:3)
  2 dart slugs
  A ribbon worm (D:2)
  3 orcs (D:3)
  5 bats
  4 endoplasms
  2 giant cockroaches
  6 goblins
  3 hobgoblins
  5 kobolds
  4 quokkas
  7 ball pythons
  5 frilled lizards
  3 rats (D:2)
54 creatures vanquished.

Notes
Turn   | Place    | Note
-------+----------+-------------------------------------------
     0 | D:1      | Fractals the Troll Shapeshifter began the quest for the
                  | Orb.
     0 | D:1      | Reached XP level 1. HP: 18/18 MP: 0/0
     2 | D:1      | Noticed a ghoul
     2 | D:1      | Noticed an octopode
     4 | D:1      | Noticed a vampire
     4 | D:1      | Noticed a tengu
     6 | D:1      | Noticed an elf
     8 | D:1      | Noticed a djinni
    10 | D:1      | Noticed a felid
    10 | D:1      | Noticed a demigod
    12 | D:1      | Noticed a merfolk
    12 | D:1      | Noticed a spriggan
    14 | D:1      | Noticed a minotaur
    17 | D:1      | Noticed a barachi
    17 | D:1      | Noticed a vine stalker
    19 | D:1      | Noticed a demonspawn
    19 | D:1      | Noticed an oni
    21 | D:1      | Noticed a draconian
    21 | D:1      | Noticed a troll
    23 | D:1      | Noticed a gargoyle
    23 | D:1      | Noticed a naga
    25 | D:1      | Noticed an armataur
    25 | D:1      | Noticed a formicid
    27 | D:1      | Noticed a human
    78 | D:1      | Reached skill level 1 in Fighting
   183 | D:1      | Reached XP level 2. HP: 27/27 MP: 1/1
   336 | D:1      | Found Nitakoni's Weapon Emporium.
   560 | D:2      | Reached XP level 3. HP: 33/33 MP: 2/2
   920 | D:3      | Found a stormy altar of Qazlal.
  1469 | D:3      | Noticed a scorpion
  1477 | D:3      | Killed a scorpion
  1478 | D:3      | Reached XP level 4. HP: 39/42 MP: 3/3
  1511 | D:3      | Reached XP level 5. HP: 50/50 MP: 4/4
  1690 | D:4      | Noticed Menkaure
  1704 | D:4      | Slain by Menkaure

Illustrated notes

Levels and vault maps discovered:
D:1:      kb_arrival_jail, layout_rooms, serial_shops, nicolae_shop_peninsula,
          kennysheep_nondescript
D:2:      layout_basic, st_stairs_8
D:3:      minmay_chambers_of_threes, layout_loops_corners, grunt_qazlal_clouds
D:4:      layout_basic, mainiacjoe_overflow_six_doors_small,
          gammafunk_ghost_abyssal_escape, uniq_menkaure, uniq_robin

Skill      XL: |  1  2  3 |
---------------+----------+-----
Fighting       | 1 2 |  2.4
Dodging        | 2 |  2.8
Unarmed Combat | |  3.0
Shapeshifting  | |  3.9

Action                     |  1- 3 |  4- 6 || total
---------------------------+-------+-------++-------
  Melee: Unarmed           |    76 |    32 ||   108
    Use: Scroll            |       |     3 ||     3
   Stab: Sleeping          |     1 |       ||     1
 Armour: Animal skin       |    27 |    20 ||    47
  Dodge: Dodged            |    24 |     6 ||    30
  Block: Other             |    12 |     7 ||    19
   Form: Beast             |     2 |       ||     2
                           |     1 |       ||     1
